Map: 黄金之柱-天梯版

Players

iGMacSed (MacSed)

  • Race: Protoss Protoss
  • League: Master

夜蝶蝶蝶蝶蝶蝶蝶 (Firefly) - Winner!

  • Race: Protoss Protoss

Event: DreamHack SC2 Masters 2020 Fall

VOD

Have the link to the VOD?

Description

Time

  • Played on: Sept. 3, 2020, 8:41 a.m.
  • Length: 25:36

All games in this series

Show
View Real Time Build Order
Export as new Build Order

iGMacSed Protoss 

Build Orders: Oracle Opening 

Get SALT Encoding   

  12  0:01  Probe  
  13  0:13  Probe  
  14  0:18  Pylon  
  14  0:25  Probe (Chrono Boost)  
  15  0:37  Probe (Chrono Boost)  
  15  0:39  Gateway  
  16  0:44  Probe (Chrono Boost)  
  16  0:48  Assimilator  
  17  0:51  Probe  
  18  0:57  Assimilator  
  18  1:03  Probe (Chrono Boost)  
  19  1:15  Probe (Chrono Boost)  
  19  1:16  Gateway  
  20  1:20  Probe (Chrono Boost)  
  21  1:28  Cybernetics Core  
  21  1:31  Probe  
  22  1:40  Pylon  
  22  1:44  Probe  
  23  1:57  Probe  
  24  2:06  Sentry, Stalker  
  28  2:09  Warp Gate  
  28  2:10  Probe  
  29  2:19  Pylon  
  28  2:39  Stargate  
  28  2:50  Nexus  
  28  2:52  Probe  
  29  3:01  Stalker  
  29  3:04  Probe  
  32  3:14  Shield Battery  
  32  3:17  Probe  
  33  3:20  Oracle (Chrono Boost)  
  36  3:29  Probe (Chrono Boost)  
  37  3:41  Probe (Chrono Boost)  
  38  3:47  Probe (Chrono Boost)  
  39  3:55  Pylon  
  39  4:01  Robotics Facility, Oracle  
  43  4:04  Probe (Chrono Boost)  
  43  4:06  Probe (Chrono Boost)  
  44  4:13  Probe (Chrono Boost)  
  44  4:16  Probe (Chrono Boost)  
  46  4:18  Probe (Chrono Boost)  
  47  4:25  Probe  
  47  4:27  Adept x2  
  47  4:30  Probe  
  53  4:37  Probe  
  54  4:39  Pylon  
  54  4:42  Probe  
  55  4:45  Immortal (Chrono Boost)  
  55  4:49  Probe  
  60  4:53  Pylon  
  60  4:54  Probe  
  60  4:58  Pylon  
  61  5:02  Probe  
  61  5:04  Assimilator  
  61  5:06  Probe  
  63  5:08  Assimilator  
  63  5:14  Probe  
  62  5:17  Immortal (Chrono Boost)  
  62  5:18  Void Ray, Probe  
  65  5:28  Probe  
  70  5:36  Forge  
  70  5:38  Twilight Council  
  70  5:47  Observer (Chrono Boost)  
  71  5:52  Nexus  
  71  5:57  Pylon, Probe  
  71  5:58  Probe  
  71  6:00  Void Ray  
  73  6:10  Probe x2  
  79  6:17  Immortal (Chrono Boost)  
  79  6:20  Protoss Ground Weapons Level 1  
  79  6:24  Shield Battery  
  83  6:26  Resonating Glaives  
  83  6:27  Probe  
  83  6:30  Probe  
  85  6:37  Gateway  
  85  6:40  Gateway  
  85  6:46  Photon Cannon  
  85  6:52  Immortal (Chrono Boost)  
  89  6:57  Probe  
  90  7:09  Adept x2  
  90  7:10  Void Ray  
  94  7:19  Immortal (Chrono Boost)  
  95  7:31  Adept x2  
  89  7:40  Shield Battery  
  85  7:46  Stalker x2  
  83  7:55  Immortal (Chrono Boost), Stalker x2  
  73  8:08  Void Ray  
  73  8:09  Probe x2  
  71  8:16  Probe  
  71  8:18  Zealot x3, Sentry  
  79  8:21  Probe x2  
  79  8:26  Immortal (Chrono Boost)  
  80  8:28  Gateway  
  80  8:30  Gateway  
  84  8:34  Protoss Ground Weapons Level 2  
  84  8:35  Photon Cannon  
  84  8:44  Adept x2  
  84  8:46  Void Ray  
  92  9:02  Adept x2  
  96  9:03  Immortal (Chrono Boost)  
  96  9:06  Probe x2  
  96  9:09  Probe  
  103  9:12  Pylon  
  99  9:18  Probe  
  99  9:19  Assimilator  
  99  9:22  Templar Archives  
  99  9:23  Assimilator  
  100  9:26  Probe  
  100  9:29  Adept x3  
  107  9:34  Void Ray  
  107  9:41  Probe  
  112  9:49  Adept x2  
  114  9:53  Photon Cannon, Pylon  
  114  9:56  Shield Battery  
  112  10:01  Photon Cannon  
  112  10:05  Immortal  
  116  10:10  Adept  
  116  10:12  Adept x3  
  112  10:19  Adept  
  102  10:23  Void Ray (Chrono Boost)  
  102  10:26  Adept  
  100  10:34  High Templar  
  100  10:35  High Templar  
  108  10:40  Adept x3  
  102  10:42  Archon  
  102  10:47  Adept  
  76  11:00  Adept x3  
  76  11:03  Probe x2  
  76  11:04  Probe  
  83  11:14  Immortal (Chrono Boost)  
  83  11:15  Probe x2  
  83  11:16  Probe  
  88  11:23  Adept x3  
  90  11:27  Probe  
  90  11:28  Shield Battery, Probe x2  
  90  11:29  Photon Cannon  
  89  11:43  Void Ray  
  89  11:49  Immortal  
  96  11:55  Adept x3  
  89  12:03  Adept x2  
  81  12:13  Probe (Chrono Boost)  
  81  12:14  Probe x2 (Chrono Boost)  
  83  12:26  Probe x3 (Chrono Boost)  
  83  12:28  Observer (Chrono Boost)  
  87  12:30  High Templar x3  
  87  12:31  High Templar  
  87  12:33  Probe x2 (Chrono Boost)  
  87  12:34  Archon  
  87  12:35  Probe (Chrono Boost), Archon  
  98  12:40  Probe  
  98  12:42  Probe  
  100  12:45  Probe  
  100  12:50  Immortal (Chrono Boost)  
  101  12:52  Probe  
  106  13:10  High Templar x2  
  110  13:17  Archon  
  106  13:22  Immortal  
  106  13:24  Photon Cannon  
  106  13:25  Probe  
  111  13:32  Fleet Beacon, Probe  
  106  13:52  Adept x2  
  106  13:54  High Templar x2  
  106  13:55  Adept x2  
  118  13:57  Probe  
  118  13:59  Archon, Photon Cannon  
  119  14:08  Immortal  
  123  14:11  Probe  
  123  14:15  Adept x2  
  124  14:23  Pylon  
  124  14:25  Pylon  
  124  14:26  Pylon  
  124  14:32  Mothership (Chrono Boost)  
  124  14:35  Pylon  
  124  14:38  Shield Battery, Photon Cannon  
  124  14:45  High Templar x2  
  127  14:50  Archon  
  127  14:51  Adept x4  
  143  14:58  Pylon  
  143  14:59  Tempest (Chrono Boost), Pylon  
  148  15:12  Shield Battery  
  148  15:17  Observer (Chrono Boost)  
  149  15:25  Tempest (Chrono Boost)  
  149  15:33  Protoss Air Weapons Level 1  
  154  15:44  Nexus  
  154  15:45  Stargate, Pylon  
  152  15:52  Pylon  
  149  16:06  Carrier (Chrono Boost)  
  155  16:21  Nexus  
  147  16:36  High Templar x2  
  149  16:42  Carrier (Chrono Boost)  
  149  16:45  Assimilator  
  153  16:54  Archon  
  153  16:55  Nexus  
  153  16:57  Carrier (Chrono Boost)  
  159  17:05  Assimilator  
  159  17:06  Adept x2  
  159  17:07  Zealot  
  162  17:33  Assimilator  
  160  17:47  Pylon  
  160  17:50  Pylon  
  165  17:53  Nexus  
  165  17:57  Carrier (Chrono Boost)  
  161  18:11  Adept x4  
  164  18:20  Adept  
  166  18:32  Carrier (Chrono Boost)  
  123  20:25  Pylon x2  
  123  20:52  Assimilator  
  120  21:22  Assimilator  
  112  22:35  Assimilator  
Show
View Real Time Build Order
Export as new Build Order

夜蝶蝶蝶蝶蝶蝶蝶 Protoss - Winner!

Build Orders:  

Get SALT Encoding   

  12  0:00  Probe  
  13  0:12  Probe  
  14  0:19  Pylon  
  14  0:24  Probe  
  15  0:38  Probe (Chrono Boost)  
  15  0:41  Gateway  
  16  0:47  Probe (Chrono Boost)  
  17  0:52  Assimilator, Probe (Chrono Boost)  
  18  1:01  Assimilator  
  19  1:04  Probe  
  19  1:14  Pylon  
  19  1:16  Probe  
  20  1:31  Cybernetics Core  
  23  1:32  Probe  
  23  1:44  Probe  
  22  1:57  Nexus  
  22  2:00  Probe  
  23  2:06  Stalker (Chrono Boost)  
  23  2:12  Warp Gate  
  25  2:16  Probe  
  26  2:28  Probe  
  26  2:29  Stalker  
  29  2:40  Probe  
  29  2:41  Robotics Facility  
  30  2:49  Pylon  
  30  2:53  Probe  
  31  3:07  Stalker  
  31  3:09  Probe  
  31  3:10  Probe  
  35  3:12  Shield Battery  
  35  3:18  Shield Battery  
  35  3:22  Probe (Chrono Boost)  
  35  3:26  Probe (Chrono Boost)  
  37  3:29  Observer  
  39  3:34  Probe (Chrono Boost)  
  39  3:37  Probe (Chrono Boost)  
  39  3:40  Probe (Chrono Boost)  
  41  3:42  Probe (Chrono Boost)  
  41  3:47  Immortal (Chrono Boost)  
  42  3:52  Probe  
  42  3:54  Probe  
  47  4:01  Gateway  
  47  4:04  Probe  
  47  4:06  Stalker  
  47  4:09  Probe  
  51  4:13  Pylon  
  51  4:20  Twilight Council, Probe  
  51  4:22  Probe  
  53  4:24  Observer  
  54  4:32  Forge  
  54  4:33  Sentry, Probe  
  54  4:36  Pylon  
  54  4:37  Probe  
  58  4:40  Assimilator  
  58  4:53  Protoss Ground Weapons Level 1  
  58  4:59  Nexus  
  58  5:00  Stalker, Pylon  
  58  5:06  Stalker  
  62  5:13  Probe  
  62  5:15  Probe  
  62  5:18  Blink (Chrono Boost)  
  62  5:24  Gateway  
  62  5:28  Gateway  
  62  5:36  Warp Prism (Chrono Boost)  
  62  5:38  Sentry  
  66  5:46  Sentry  
  66  5:49  Probe  
  66  5:50  Shield Battery, Probe  
  67  6:02  Probe x2  
  69  6:10  Immortal (Chrono Boost)  
  72  6:26  Stalker x4  
  72  6:27  Probe  
  72  6:28  Probe  
  72  6:31  Probe  
  84  6:40  Probe x2  
  84  6:43  Probe  
  86  6:49  Stalker x3  
  86  6:52  Probe  
  93  6:55  Pylon  
  93  7:02  Charge (Chrono Boost)  
  93  7:12  Probe x2  
  93  7:24  Stalker x4  
  87  7:47  Stalker x4  
  83  8:03  Warp Prism  
  73  8:11  Probe  
  73  8:12  Probe x2  
  70  8:13  Stalker x4  
  70  8:15  Gateway  
  70  8:18  Gateway  
  70  8:19  Gateway  
  76  8:23  Gateway  
  76  8:24  Probe  
  76  8:25  Probe  
  76  8:27  Probe  
  77  8:38  Nexus  
  77  8:39  Stalker x4  
  85  8:45  Probe  
  86  9:05  Stalker x4  
  94  9:12  Probe x3  
  94  9:13  Pylon  
  94  9:16  Zealot x2  
  101  9:20  Protoss Ground Weapons Level 2 (Chrono Boost)  
  101  9:21  Pylon  
  101  9:22  Pylon  
  101  9:24  Pylon  
  101  9:37  Zealot x4  
  109  9:41  Stalker  
  109  9:43  Stalker x2  
  114  9:46  Zealot  
  114  9:50  Probe  
  115  9:53  Probe  
  115  9:54  Probe x2  
  115  9:57  Zealot x4  
  126  10:03  Probe  
  123  10:19  Zealot x8  
  97  10:30  Probe x3  
  100  10:40  Zealot x8  
  97  10:50  Observer (Chrono Boost), Probe  
  97  10:54  Probe  
  97  10:55  Probe x2  
  76  11:08  Stalker x8  
  83  11:13  Probe x3  
  84  11:32  Zealot x7  
  98  11:39  Zealot  
  94  11:48  Pylon  
  94  11:52  Stalker x2  
  93  11:58  Stalker x4  
  93  12:00  Probe x2  
  93  12:01  Probe x2  
  101  12:03  Protoss Ground Weapons Level 3 (Chrono Boost)  
  95  12:09  Zealot  
  95  12:13  Probe x3  
  95  12:14  Probe  
  93  12:25  Stalker x3  
  93  12:26  Zealot, Sentry  
  103  12:35  Probe  
  103  12:36  Probe x2  
  106  12:38  Templar Archives  
  106  12:44  Zealot x3  
  106  12:46  Probe (Chrono Boost)  
  106  12:48  Probe (Chrono Boost)  
  106  12:49  Assimilator x2  
  106  12:50  Probe (Chrono Boost)  
  116  12:52  Probe (Chrono Boost)  
  116  12:58  Probe x2 (Chrono Boost)  
  117  13:03  Zealot, Probe (Chrono Boost)  
  117  13:04  Zealot x4, Probe (Chrono Boost)  
  117  13:05  Probe  
  129  13:08  Probe  
  131  13:16  Probe x2  
  131  13:17  Photon Cannon  
  131  13:20  Photon Cannon  
  131  13:23  Photon Cannon  
  131  13:25  Assimilator x2  
  131  13:27  Photon Cannon, Pylon  
  131  13:37  Stalker  
  131  13:38  Stalker  
  131  13:39  Stalker  
  135  13:53  Zealot, High Templar x4  
  145  13:57  Archon x2  
  145  14:02  Photon Cannon  
  145  14:09  Stargate  
  145  14:11  Nexus  
  145  14:12  Stargate  
  145  14:25  Zealot x5  
  155  14:34  Robotics Bay  
  155  14:38  Pylon  
  155  14:40  Pylon  
  155  14:42  Pylon  
  155  14:46  Pylon  
  155  14:57  Phoenix x2  
  159  15:00  High Templar, Pylon  
  159  15:01  Zealot x3, High Templar x3, Pylon  
  159  15:02  Zealot  
  159  15:03  Pylon  
  159  15:06  Archon  
  175  15:12  Archon  
  175  15:14  Photon Cannon  
  175  15:16  Shield Battery  
  175  15:17  Photon Cannon  
  175  15:19  Photon Cannon  
  175  15:20  Shield Battery  
  175  15:21  Photon Cannon  
  175  15:24  Disruptor (Chrono Boost)  
  178  15:29  Phoenix x2  
  178  15:35  Robotics Facility  
  182  15:42  Zealot, High Templar x2  
  186  15:43  Zealot x2  
  186  15:49  Assimilator  
  192  15:50  Assimilator  
  192  15:55  Disruptor  
  195  16:00  Oracle  
  196  16:06  Zealot x2  
  200  16:16  Archon  
  198  16:51  Fleet Beacon  
  194  17:01  Disruptor  
  194  17:04  Gravitic Drive  
  194  17:06  Robotics Facility  
  194  17:07  Dark Shrine  
  197  17:10  Pylon  
  197  17:24  Nexus  
  197  17:27  Pylon  
  197  17:35  Disruptor  
  190  17:57  Zealot  
  187  18:11  Stalker x2  
  187  18:12  Pylon  
  191  18:17  Oracle (Chrono Boost)  
  187  18:22  Oracle (Chrono Boost)  
  181  18:28  Shadow Stride (Chrono Boost)  
  181  18:33  Pylon  
  181  18:38  Stargate  
  181  18:43  Stalker  
  178  19:13  Gateway  
  178  19:16  Gateway  
  172  19:18  Dark Templar x3, Gateway  
  172  19:19  Dark Templar  
  172  19:20  Gateway  
  172  19:22  Gateway  
  179  19:25  Cybernetics Core  
  169  19:43  Observer  
  148  20:02  Pylon, Stalker x2  
  148  20:04  Pylon  
  148  20:06  Pylon  
  151  20:15  Assimilator  
  143  20:24  Stalker x3  
  143  20:25  Stalker x2  
  143  20:27  Nexus  
  144  20:41  Assimilator  
  136  21:05  Pylon  
  136  21:07  Pylon  
  136  21:09  Pylon  
  136  21:10  Pylon  
  135  21:13  Pylon  
  135  21:16  Pylon  
  132  21:18  Pylon  
  132  21:36  Pylon  
  132  21:38  Pylon  
  132  21:39  Pylon  
  118  21:47  Pylon  
  118  21:51  Pylon  
  118  21:52  Pylon  
  116  21:55  Pylon  
  112  22:13  Zealot  
  112  22:14  Zealot, Pylon  
  112  22:15  Cybernetics Core  
  116  22:17  Gateway  
  116  22:19  Gateway  
  116  22:21  Gateway  
  101  23:17  Nexus  
  93  23:41  Pylon  
  93  23:43  Cybernetics Core  
  93  23:46  Pylon  
  83  24:31  Gateway  
  83  24:32  Gateway  
  83  24:33  Pylon  
  83  24:35  Pylon  
  83  24:36  Pylon  
  83  24:39  Pylon  

Tags
 
Add a new tag
Caveats
  • Supply blocks, unpowered buildings, or Contaminate may cause inaccurate times.
  • Supply counts are checked every 10 seconds.